 Dungeon Crawl Stone Soup version 0.30-a0-414-gcb316572d5 (webtiles) character file.

Game seed: 7398244691863687454

46 whiskeysaurus the Conjurer (level 3, -1/26 HPs)
             Began as a Draconian Conjurer on Dec 7, 2022.
             Succumbed to an adder's poison
             ... on level 1 of the Dungeon.
             The game lasted 00:02:33 (1490 turns).

whiskeysaurus the Conjurer (Draconian Conjurer)     Turns: 1490, Time: 00:02:34

Health: -1/26      AC:  5    Str:  9    XL:     3   Next: 46%
Magic:  1/6        EV: 12    Int: 20    God:
Gold:   50         SH:  0    Dex:  9    Spells: 3/6 levels left

rFire   . . .      SeeInvis .    e - +0 dagger
rCold   . . .      Faith    .    (no shield)
rNeg    . . .      Spirit   .    (body armour unavailable)
rPois   .          Reflect  .    (helmet restricted)
rElec   .          Harm     .    (no cloak)
rCorr   .          Rampage  .    (no gloves)
Will    .....                    (no boots)
Stlth   ++........               (no amulet)
HPRegen 0.24/turn                h - ring of flight
MPRegen 0.10/turn                (no ring)

@: lethally poisoned (-1 -> -3), flying
A: AC +5, unfitting armour, cold-blooded
a: no special abilities


You were on level 1 of the Dungeon.
You visited 1 branch of the dungeon, and saw 2 of its levels.

You collected 50 gold pieces.

Inventory:

Hand Weapons
 e - a +0 dagger (weapon)
Jewellery
 h - a ring of flight (left hand)
Scrolls
 b - a scroll of magic mapping {unknown}
 c - a scroll of identify {unknown}
 d - a scroll of fear {unknown}
Potions
 a - a potion of magic
 f - a potion of resistance {unknown}
 g - a potion of heal wounds {unknown}


   Skills:
 + Level 2.2 Dodging
 + Level 2.3 Stealth
 + Level 2.4 Spellcasting
 + Level 4.3 Conjurations
 + Level 0.4 Hexes


You had 3 spell levels left.
You knew the following spells:

 Your Spells              Type           Power      Damage    Failure   Level
a - Magic Dart            Conj           76%        1d6       2%          1
b - Searing Ray           Conj           38%        2d5       3%          2

Your spell library contained the following spells:

 Spells                   Type           Power      Damage    Failure   Level
 Dazzling Flash           Conj/Hex       24%        N/A       17%         3
 Fulminant Prism          Conj/Hex       6%         3d6       50%         4
 Iskenderun's Mystic Bla  Conj/Tloc      11%        2d4       52%         4


Dungeon Overview and Level Annotations

Branches:
Dungeon (2/15)

Altars:


Innate Abilities, Weirdness & Mutations

Your plain brown scales are hard. (AC +5)
You cannot fit into any form of body armour.
You are cold-blooded and may be slowed by cold attacks.


Message History

The adder poisons you!
You hit the adder.
The adder is almost dead.
You feel sick. The adder bites you.
You are more poisoned.
The adder poisons you! The adder bites you.
You are more poisoned.
The adder poisons you!
You closely miss the adder.
Your tail-slap misses the adder.
The adder is almost dead.
You feel very sick. The adder bites you.
You hit the adder but do no damage.
Your tail-slap misses the adder.
The adder is almost dead.
You feel sick. The adder bites you but does no damage.
You miss the adder.
The adder is almost dead.
You feel sick. The adder bites you.
* * * LOW HITPOINT WARNING * * *
The adder misses you.
You miss the adder.
The adder is almost dead.
* * * LOW HITPOINT WARNING * * *
You feel sick. The adder closely misses you.
You closely miss the adder. Your punch misses the adder.
The adder is almost dead.
* * * LOW HITPOINT WARNING * * *
You feel sick. The adder completely misses you.
You miss the adder.
The adder is almost dead.
* * * LOW HITPOINT WARNING * * *
You feel sick. The adder closely misses you.
You hit the adder.
You kill the adder!
* * * LOW HITPOINT WARNING * * *
You feel sick.
* * * LOW HITPOINT WARNING * * *
You feel sick.
You fly upwards.
You die...

#.# #.######...#
#####.#
#......##..#
#.....#
#.####.##..#
#.###.######.#
#.##... #.#
#........# #.###..
#.###.######## #.#
#.. #.[...## #.#
#.. ###....# #.#
#.. ###.@####
####.# #.. #.....#
#....# #.. ##.##.##
#.#### #..
#(#.#.###.# ###..
#..###.##.# #....
#.## ##.#.# ##....
##.###..#.###.....
####.#.#.#.#.....P.
#.....##.#..P..P.♣.


There were no monsters in sight!

Vanquished Creatures
  2 adders (D:2)
  3 endoplasms
  A giant cockroach (D:1)
  5 hobgoblins
  3 ball pythons
  3 bats (D:1)
  2 frilled lizards (D:1)
  4 goblins (D:2)
  2 kobolds (D:1)
  3 rats
28 creatures vanquished.

Notes
Turn   | Place    | Note
-------+----------+-------------------------------------------
     0 | D:1      | whiskeysaurus the Draconian Conjurer began the quest for
                  | the Orb.
     0 | D:1      | Reached XP level 1. HP: 14/14 MP: 3/3
   238 | D:1      | Reached XP level 2. HP: 14/20 MP: 0/5
   690 | D:1      | Found a faded altar of an unknown god.
   934 | D:2      | Reached XP level 3. HP: 12/26 MP: 0/6
  1165 | D:2      | Noticed a phantom
  1325 | D:2      | Learned a level 2 spell: Searing Ray
  1489 | D:2      | HP: 1/26 [poisoned by an adder]
  1490 | D:1      | Succumbed to an adder's poison

Illustrated notes

Levels and vault maps discovered:
D:1:      wander_arrival_fairy_ring, layout_loops_ring,
          shapermc_ecumenical_altar_pompeii
D:2:      layout_rooms, serial_shops, shop

Skill      XL: |  1 |
---------------+----+-----
Stealth        | 2 |  2.3
Dodging        | 2 |  2.2
Spellcasting   | |  2.4
Conjurations   | |  4.3
Hexes          | |  0.4

Action                   || total
-------------------------++-------
Melee: Unarmed           ||    10
       Tailslap          ||     3
       Dagger            ||    15
 Cast: Magic Dart        ||    45
       Searing Ray       ||     4
Armor: Skin              ||    12
Dodge: Dodged            ||    23

Table legend: (Time is in decaauts)
 A = Elapsed time spent in this place.
 B = Non-inter-level travel time spent in this place.
 C = Inter-level travel time spent in this place.
 D = Time resting spent in this place.
 E = Time spent auto-exploring this place.
 F = Levels seen in this place.
 G = Mean time per level.
                   A        B        C        D        E       F      G
               +--------+--------+--------+--------+--------+-----+--------+
         Total |   1490 |   1423 |     67 |    258 |    962 |   2 |  745.0 |
       Dungeon |   1490 |   1423 |     67 |    258 |    962 |   2 |  745.0 |
               +--------+--------+--------+--------+--------+-----+--------+

Top non-repeatable levels by time:
     D:1: 1234 daAuts
     D:2: 256 daAuts
